 Dungeon Crawl Stone Soup version 0.31.0-11-ge490571c62 (webtiles) character file.

Game seed: 894924209636066951

1460 Flugkiller the Fighter (level 8, -7/74 HPs)
             Began as a Minotaur Fighter on Jan 28, 2024.
             Mangled by an ogre
             ... wielding a +0 giant club
              (24 damage)
             ... on level 6 of the Dungeon.
             The game lasted 00:02:33 (4820 turns).

Flugkiller the Fighter (Minotaur Fighter)           Turns: 4820, Time: 00:02:34

Health: -7/74      AC: 15    Str: 23      XL:     8   Next: 48%
Magic:  7/7        EV:  9    Int:  4 (5)  God:
Gold:   206        SH:  5    Dex: 10      Spells: 7/7 levels left

rFire   . . .        a - +0 war axe
rCold   . . .        c - +0 buckler
rNeg    . . .        b - +0 scale mail
rPois   .            (helmet restricted)
rElec   .            (no cloak)
rCorr   .            y - +1 pair of gloves
SInv    .            n - +0 pair of boots
Will    .....        u - amulet of faith Stlth
                     p - +4 ring of protection
HPRegen 0.32/turn    (no ring)
MPRegen 0.10/turn

%: faith
@: no status effects
A: horns 2, retaliatory headbutt
a: no special abilities


You were on level 6 of the Dungeon.
You visited 1 branch of the dungeon, and saw 6 of its levels.

You collected 256 gold pieces.
You spent 50 gold pieces at shops.

Inventory:

Hand Weapons
 a - a +0 war axe (weapon)
Missiles
 d - a throwing net (quivered)
Armour
 b - a +0 scale mail (worn)
 c - a +0 buckler (worn)
 n - a +0 pair of boots (worn)
   (You found it on level 3 of the Dungeon)
 y - a +1 pair of gloves (worn)
   (You found it on level 5 of the Dungeon)
Jewellery
 p - a +4 ring of protection (left hand)
   (You found it on level 2 of the Dungeon)
 u - an amulet of faith (around neck)
   (You found it on level 4 of the Dungeon)
Wands
 x - a wand of mindburst (11)
   (You found it on level 5 of the Dungeon)
Scrolls
 f - 2 scrolls of immolation
 g - a scroll of revelation
 h - a scroll of enchant weapon {unknown}
 t - 6 scrolls of teleportation
 z - a scroll of blinking
Potions
 e - 3 potions of mutation
 i - a potion of enlightenment
 m - a potion of magic
 q - 2 potions of curing
 w - 2 potions of heal wounds


   Skills:
 * Level 8.3 Fighting
 * Level 7.7 Axes
 + Level 6.1 Armour
 + Level 6.1 Shields


You had 7 spell levels left.
You didn't know any spells.
Your spell library contained the following spells:

 Spells                   Type           Power      Damage    Failure   Level
 Animate Dead             Necr           0%         N/A       100%        4
 Olgreb's Toxic Radiance  Alch           0%         N/A       100%        4
 Borgnjor's Vile Clutch   Necr/Erth      0%         N/A       100%        5
 Death Channel            Necr           0%         N/A       100%        6
 Ozocubu's Refrigeration  Ice            0%         4d7       100%        7
 Discord                  Hex            0%         N/A       100%        8


Dungeon Overview and Level Annotations

Branches:
Dungeon (6/15)
 Temple: D:4-7

Altars:
Sif Muna
The Shining One

Shops:
D:5 *


Innate Abilities, Weirdness & Mutations

You have a pair of horns on your head.
You reflexively headbutt those who attack you in melee.


Message History

You barely miss the iguana. You slash the black bear!
The black bear closely misses you.
The black bear claws you but does no damage. x2
The iguana bites you but does no damage.
You feel your dexterity returning.
You hit the black bear.
The black bear is almost dead.
You hit the iguana but do no damage.
The black bear goes berserk!
The iguana closely misses you. You furiously retaliate!
You headbutt the iguana, but do no damage.
You hit the black bear. Your headbutt misses the black bear.
The black bear is almost dead.
You barely miss the iguana. You hit the orc.
You kill the orc!
You block the black bear's attack. The black bear claws you.
The black bear claws you but does no damage.
The iguana bites you.
The black bear bites you but does no damage.
The black bear claws you.
The black bear claws you but does no damage.
You hit the black bear but do no damage.
Your headbutt misses the black bear.
The black bear is almost dead.
You slash the iguana! The black bear bites you!
The black bear barely misses you.
The black bear claws you but does no damage.
The iguana bites you but does no damage.
You barely miss the black bear.
The black bear is almost dead.
You hit the iguana. The black bear closely misses you. x2
The black bear claws you but does no damage.
The iguana bites you. The black bear barely misses you.
The black bear claws you but does no damage.
You block the black bear's attack.
You hit the black bear but do no damage.
The black bear is almost dead.
You slash the iguana!
You kill the iguana!
You block the black bear's attack. x2
The black bear claws you but does no damage.
The black bear bites you but does no damage.
The black bear barely misses you.
The black bear claws you but does no damage.
You hit the black bear. Your headbutt misses the black bear.
The black bear is almost dead.
The black bear bites you.
The black bear claws you but does no damage. x2
The black bear bites you.
The black bear claws you but does no damage.
The black bear closely misses you.
You hit the black bear.
You kill the black bear!
You feel your intelligence returning.
No target in view!
No target in view!
Search for what [Enter for "chei", or ? for help]? aux Search for what [Enter for "aux", or ? for help]? plate Can't find anything matching that.
Unknown command.
Search for what [Enter for "plate", or ? for help]? chain
There is a stone staircase leading up here.
You climb upwards.
There is a stone staircase leading down here.
You see here 7 stones.
There is an entrance to Sema's Assorted Antiques here.
Unknown command.
Unknown command.
There is a stone staircase leading down here.
You climb downwards.
There is a stone staircase leading up here.
HP restored.
You now have 206 gold pieces (gained 6).
Found a stone staircase leading down.
Found a stone staircase leading down.
There is a stone staircase leading down here.
An ogre comes into view. It is wielding a +0 giant club.
Found a thick glowing staff.
The ogre shouts!
An ogre is nearby!
Search for what [Enter for "chain", or ? for help]? axe You closely miss the ogre.
The ogre hits you with a +0 giant club!!
You hit the ogre.
The ogre is lightly wounded.
The ogre hits you with a +0 giant club!
You hit the ogre. You headbutt the ogre!
The ogre is heavily wounded.
The ogre hits you with a +0 giant club!
* * * LOW HITPOINT WARNING * * *
You are too injured to fight recklessly!
You hit the ogre.
The ogre is heavily wounded.
You slash the ogre!
The ogre is almost dead.
The ogre hits you with a +0 giant club.
* * * LOW HITPOINT WARNING * * *
You hit the ogre.
The ogre is almost dead.
The ogre hits you with a +0 giant club!!
You die...

#. #........... ..
........... ..
#.........| #.
#.......... #.
###........... ..#.
##.............# ....
#......O........
#..... #....@##
...... #....<
##.....##.#... ......
###..##.....# #......
#...>....#.###.......
#........#...........
#......###.........##
##......##.....#.# #
##...........##.####
##..#......###..##.


You could see an ogre.

Vanquished Creatures
  Sigmund (D:6)
  A black bear (D:6)
  2 ice beasts (D:5)
  An ogre (D:5)
  A phantom (D:5)
  A gnoll sergeant (D:5)
  5 scorpions
  3 bombardier beetles
  A crimson imp (D:3)
  2 hounds (D:5)
  An orc priest (D:6)
  An iguana (D:6)
  An orc wizard (D:3)
  5 gnolls
  8 adders
  3 dart slugs
  A ribbon worm (D:2)
  12 orcs
  9 endoplasms
  4 giant cockroaches
  11 goblins
  8 hobgoblins
  2 jackals (D:3)
  10 kobolds
  2 quokkas
  5 ball pythons
  4 bats
  2 frilled lizards (D:1)
  2 goblin skeletons (D:3)
  2 hobgoblin zombies (D:3)
  A kobold skeleton (D:3)
  2 orc skeletons (D:3)
  2 orc zombies (D:3)
  3 rats
119 creatures vanquished.

Notes
Turn   | Place    | Note
-------+----------+-------------------------------------------
     0 | D:1      | Flugkiller the Minotaur Fighter began the quest for the
                  | Orb.
     0 | D:1      | Reached XP level 1. HP: 19/19 MP: 0/0
   139 | D:1      | Reached skill level 4 in Fighting
   139 | D:1      | Reached XP level 2. HP: 21/27 MP: 1/1
   321 | D:1      | Reached XP level 3. HP: 33/33 MP: 2/2
   966 | D:2      | Reached XP level 4. HP: 38/41 MP: 3/3
  1688 | D:3      | Found a glowing golden altar of the Shining One.
  1721 | D:3      | Reached skill level 5 in Fighting
  1721 | D:3      | Reached XP level 5. HP: 45/48 MP: 4/4
  1969 | D:3      | Found a faded altar of an unknown god.
  2477 | D:4      | Reached XP level 6. HP: 55/56 MP: 5/5
  3203 | D:5      | Entered Level 5 of the Dungeon
  3219 | D:5      | Reached skill level 5 in Axes
  3220 | D:5      | Reached skill level 6 in Fighting
  3223 | D:5      | Reached skill level 5 in Armour
  3249 | D:5      | Reached skill level 5 in Shields
  3249 | D:5      | Reached XP level 7. HP: 38/64 MP: 6/6
  3342 | D:5      | Identified the +3 short sword "Qamo" {flame, rElec rF-
                  | rCorr Stlth+}
  3672 | D:5      | Reached skill level 7 in Fighting
  3876 | D:5      | Found Sema's Assorted Antiques.
  3884 | D:5      | Bought a scroll labelled PUTURE MONEHU for 25 gold pieces
  3884 | D:5      | Bought a scroll labelled AKE YVYTHU for 25 gold pieces
  4296 | D:5      | Found a shimmering blue altar of Sif Muna.
  4434 | D:6      | Reached XP level 8. HP: 33/73 MP: 7/7
  4594 | D:6      | Noticed Sigmund
  4606 | D:6      | Killed Sigmund
  4607 | D:6      | Reached skill level 8 in Fighting
  4820 | D:6      | Mangled by an ogre

Illustrated notes

Levels and vault maps discovered:
D:1:      mushboom_english_gardens, layout_rooms
D:2:      layout_basic, mrwooster_statue_mirror, nicolae_underground_beach
D:3:      layout_basic, nicolae_tso_besieged_by_evil, basic_ecumenical_altar
D:4:      layout_loops_ring
D:5:      minmay_spotlight, layout_rooms, nicolae_sif_muna_little_library,
          serial_shops, nicolae_shop_overgrown_old_shop
D:6:      layout_cave_pools, grunt_temple_overflow_lords_of_destruction,
          uniq_sigmund

Skill      XL: |  1  2  3  4  5  6  7  8 |
---------------+-------------------------+-----
Fighting       | 4 5 6 7 8 |  8.3
Axes           | 3 4 5 6 7 |  7.7
Shields        | 4 5 6 |  6.1
Armour         | 4 5 6 |  6.1

Action                     |  1- 3 |  4- 6 |  7- 9 || total
---------------------------+-------+-------+-------++-------
  Melee: War axe           |    63 |   122 |    87 ||   272
         Headbutt          |     6 |    17 |    15 ||    38
    Use: Potion            |       |     1 |     8 ||     9
         Scroll            |       |       |    10 ||    10
 Armour: Scale mail        |    36 |    95 |    86 ||   217
  Dodge: Dodged            |    28 |    42 |    39 ||   109
  Block: Buckler           |    15 |    20 |    20 ||    55
